 Dungeon Crawl Stone Soup version 0.31-a0-705-ga145531891 (webtiles) character file.

Game seed: 17706245485426723135

35 qw the Shooter (level 3, -1/21 HPs)
             Began as a Gargoyle Hunter on Sept 9, 2023.
             Slain by Sigmund
             ... wielding a +7 heavy scythe
              (16 damage)
             ... on level 2 of the Dungeon.
             The game lasted 00:00:22 (487 turns).

qw the Shooter (Gargoyle Hunter)                     Turns: 487, Time: 00:00:22

Health: -1/21      AC:  7    Str: 14    XL:     3   Next: 35%
Magic:  3/3        EV: 11    Int:  9    God:
Gold:   94         SH:  0    Dex: 15    Spells: 2/2 levels left

rFire   . . .        Y - +0 shortbow
rCold   . . .        (shield currently unavailable)
rNeg    + . .        c - +0 leather armour
rPois   inf          (no helmet)
rElec   +            (no cloak)
rCorr   .            (no gloves)
SInv    .            e - +0 pair of boots
Will    .....        (no amulet)
Stlth   ++           (no ring)
HPRegen 0.23/turn    (no ring)
MPRegen 0.08/turn

%: no passive effects
@: no status effects
A: sickness immunity, AC +3, negative energy resistance 1, electricity
resistance, torment resistance 1, petrification resistance
a: no special abilities


You were on level 2 of the Dungeon.
You visited 1 branch of the dungeon, and saw 2 of its levels.

You collected 94 gold pieces.


Innate Abilities, Weirdness & Mutations

You are immune to sickness and miasma.
Your stone body is resilient. (AC +3)
You are immune to poison.
You resist negative energy. (rN+)
You are resistant to electric shocks. (rElec)
You are resistant to unholy torment.
You are immune to petrification.


   Skills:
 + Level 2.2 Fighting
 - Level 5.1 Ranged Weapons
 - Level 1.5 Dodging
 - Level 1.1 Stealth


You had 2 spell levels left.
You didn't know any spells.
Your spell library was empty.

Inventory:

Hand Weapons
 Y - a +0 shortbow (weapon)
Armour
 c - a +0 leather armour (worn)
 e - a +0 pair of boots (worn)
Jewellery
 a - a ring of ice
Potions
 d - a potion of haste {unknown}
 h - a potion of degeneration {unknown}
 i - 2 potions of curing
 l - a potion of cancellation {unknown}

Dungeon Overview and Level Annotations

Branches:
Dungeon (2/15)

Altars:

Annotations:
D:2 Sigmund


Message History

a +0 dagger; an adder corpse; a frilled lizard corpse You shoot an arrow.
The endoplasm quivers.
The arrow hits the endoplasm but does no damage.
You shoot an arrow.
The arrow hits the endoplasm but does no damage.
You shoot an arrow. The arrow barely misses the endoplasm.
You shoot an arrow.
The arrow hits the endoplasm but does no damage.
You shoot an arrow. The arrow hits the endoplasm!
You kill the endoplasm!
Found a stone staircase leading down.
Found 6 stones.
You now have 76 gold pieces (gained 14).
a - a ring of ice You see here a +0 robe.
Found a club.
You see here a +0 club.
You see here a +0 robe.
There is a stone staircase leading down here.
You now have 94 gold pieces (gained 18).
Found 4 stones.
You see here 4 stones.
Sigmund the Dreaded comes into view.
He is wielding a +7 heavy scythe.
Sigmund shouts!
You shoot an arrow. The arrow hits Sigmund.
Sigmund is lightly wounded.
You shoot an arrow. The arrow barely misses Sigmund.
Sigmund completely misses you.
You shoot an arrow. The arrow barely misses Sigmund.
You shoot an arrow.
The arrow hits Sigmund but does no damage.
Sigmund is lightly wounded.
Sigmund casts a spell at you. The puff of flame hits you.
You shoot an arrow. The arrow barely misses Sigmund.
Sigmund hits you from afar with a +7 heavy scythe!
Ouch! That really hurt!
You die...
Sigmund begins carving another notch in his scythe.

#### ####...
#.<#.#.
#.##.#.
#....#.
.########
######.
.....@.@### #.
....###...####
#######. .
###....#
#....##.
#....#
#....###
#....#
#....###
##.(##
#....... ##.##
#.....## #..##
#....###
##..####+##...


You could see Sigmund.

Vanquished Creatures
  An adder (D:2)
  A dart slug (D:1)
  4 endoplasms
  2 giant cockroaches (D:1)
  2 hobgoblins
  3 ball pythons (D:1)
  2 bats (D:1)
  3 frilled lizards
  3 goblins
  A kobold (D:1)
  5 rats (D:1)
27 creatures vanquished.

Notes
Turn   | Place    | Note
-------+----------+-------------------------------------------
     0 | D:1      | qw the Gargoyle Hunter began the quest for the Orb.
     0 | D:1      | Reached XP level 1. HP: 12/12 MP: 1/1
     0 | D:1      | 0 ||| qw: Version: 0.3-a-80-g6052c40
     0 | D:1      | 0 ||| qw: Game counter: 1339
     0 | D:1      | 0 ||| qw: Melee chars always use a shield: true
     0 | D:1      | 0 ||| qw: God list: Okawaru
     0 | D:1      | 0 ||| qw: Allow faded altars: false
     0 | D:1      | 0 ||| qw: Do Orc after clearing Dungeon:15 true
     0 | D:1      | 0 ||| qw: Do second Lair branch before Depths: true
     0 | D:1      | 0 ||| qw: Lair rune preference: random
     0 | D:1      | 0 ||| qw: Goals: Normal
     0 | D:1      | 0 ||| PLANNING D:1-11
    62 | D:1      | Reached XP level 2. HP: 17/17 MP: 2/2
    66 | D:1      | Found a faded altar of an unknown god.
   326 | D:1      | 326 ||| UPGRADING to +0 pair of boots.
   331 | D:1      | 331 ||| READING scroll labelled MUDETH ADISMEO.
   332 | D:1      | 332 ||| READING scroll labelled QOIB EGASCHEOPSIYBE.
   333 | D:1      | 333 ||| READING scroll labelled YSELUE GIPLU.
   334 | D:1      | 334 ||| DRINKING 3 lumpy emerald potions.
   335 | D:1      | 335 ||| DRINKING 2 yellow potions.
   336 | D:1      | 336 ||| DROPPING scroll of butterflies.
   337 | D:1      | 337 ||| DROPPING potion of brilliance.
   386 | D:2      | Reached XP level 3. HP: 21/21 MP: 3/3
   393 | D:2      | Reached skill level 5 in Ranged Weapons
   482 | D:2      | Noticed Sigmund
   487 | D:2      | Slain by Sigmund

Levels and vault maps discovered:
D:1:      onia_arrival_pyramid, layout_rooms,
          shapermc_ecumenical_altar_rom_forum
D:2:      layout_basic, basic_altar, minmay_heptomino_w4, uniq_sigmund

Skill      XL: |  1  2  3 |
---------------+----------+-----
Ranged Weapons | 5 |  5.1
Fighting       | |  2.2
Dodging        | |  1.5
Stealth        | |  1.1

Action                     || total
---------------------------++-------
   Fire: Shortbow          ||    79
    Use: Scroll            ||     3
         Potion            ||     2
 Armour: Leather armour    ||    10
  Dodge: Dodged            ||    20

Table legend:
 A = Non-vault XP
 B = Vault XP
 C = Vault XP percentage of total XP
 D = Non-vault monster count
 E = Vault monster count
 F = Vault count percentage of total count
                 A         B        C        D         E       F
            +---------+---------+-------+---------+---------+-------
      Total |      51 |       0 |   0.0 |      27 |       0 |   0.0
            +---------+---------+-------+---------+---------+-------
        D:1 |      29 |       0 |   0.0 |      21 |       0 |   0.0
        D:2 |      22 |       0 |   0.0 |       6 |       0 |   0.0
            +---------+---------+-------+---------+---------+-------
